Map: Apotheosis LE

Players

Iporazzam

  • Race: Terran Terran
  • League: Platinum

Hades - Winner!

  • Race: Terran Terran

VOD

Have the link to the VOD?

Description

Time

  • Played on: July 19, 2016, 6:54 p.m.
  • Length: 8:30
Show
View Real Time Build Order
Export as new Build Order

Iporazzam Terran 

Build Orders:  

Get SALT Encoding   

  12  0:04  SCV  
  13  0:16  SCV  
  14  0:23  Supply Depot  
  14  0:29  SCV  
  15  0:47  Barracks  
  15  0:49  Barracks  
  15  0:51  SCV  
  16  1:07  SCV  
  16  1:11  Refinery  
  17  1:19  SCV  
  18  1:31  SCV  
  19  1:36  Marine  
  20  1:44  Orbital Command  
  21  1:51  Barracks Tech Lab  
  21  1:54  Marine  
  20  2:11  Marine  
  20  2:15  Marauder  
  23  2:16  Concussive Shells  
  23  2:23  Supply Depot  
  23  2:32  Refinery  
  23  2:44  Marine, Supply Depot  
  24  3:02  Factory  
  24  3:04  SCV  
  25  3:07  Marine  
  25  3:08  Marauder  
  28  3:18  SCV  
  29  3:24  Marine  
  30  3:38  Command Center  
  30  3:39  Marauder  
  32  3:42  Marine  
  32  3:52  Factory Reactor  
  32  3:53  Starport  
  32  3:59  Marine  
  32  4:00  Marine  
  32  4:02  Barracks  
  34  4:17  Marine  
  35  4:27  Reaper  
  36  4:36  Marauder  
  38  4:38  Factory Tech Lab  
  38  4:40  Engineering Bay  
  38  4:47  Supply Depot  
  38  4:50  Supply Depot  
  38  4:57  Marauder, Orbital Command  
  40  5:07  Medivac  
  40  5:10  SCV  
  43  5:22  SCV  
  43  5:24  Medivac  
  46  5:29  SCV  
  47  5:37  Medivac  
  47  5:42  Barracks Reactor  
  49  5:44  Marine x2  
  50  5:59  SCV  
  50  6:03  Terran Infantry Weapons Level 1  
  51  6:07  SCV  
  51  6:11  Marine x2, SCV  
  53  6:13  Medivac  
  53  6:18  Siege Tank  
  60  6:28  Marine x3  
  60  6:29  Marauder  
  65  6:34  Refinery  
  65  6:38  SCV  
  65  6:39  SCV  
  67  6:46  Medivac  
  54  7:44  Marauder  
  42  8:00  Marine  
  42  8:01  Marine  
  37  8:05  Marauder  
Show
View Real Time Build Order
Export as new Build Order

Hades Terran - Winner!

Build Orders:  

Get SALT Encoding   

  12  0:01  SCV  
  13  0:13  SCV  
  14  0:17  Supply Depot  
  14  0:32  SCV  
  15  0:42  Barracks  
  15  0:44  SCV  
  16  0:56  SCV  
  17  1:03  Refinery  
  17  1:21  SCV  
  18  1:29  Supply Depot  
  18  1:31  Marine  
  19  1:38  Orbital Command  
  19  1:57  Barracks Reactor  
  19  2:14  Command Center  
  19  2:28  SCV  
  20  2:33  Marine x2  
  22  2:40  SCV  
  22  2:41  Factory  
  23  2:51  Marine x2  
  25  2:59  SCV  
  26  3:09  Supply Depot  
  26  3:11  Marine, SCV  
  26  3:12  Marine  
  29  3:24  Factory Tech Lab  
  29  3:28  Starport  
  29  3:29  Marine x2  
  29  3:31  Supply Depot  
  29  3:32  Orbital Command, Barracks  
  31  3:47  Marine x2  
  33  3:54  Supply Depot  
  33  4:04  Medivac  
  33  4:05  Marine x2  
  37  4:19  Orbital Command  
  37  4:23  Marine x2  
  39  4:26  Barracks Reactor  
  39  4:28  Barracks  
  39  4:40  Marine  
  39  4:44  Engineering Bay  
  39  4:45  SCV  
  41  4:51  SCV  
  42  4:57  SCV  
  43  5:02  Marine  
  43  5:03  Marine x2, SCV  
  47  5:09  Marine  
  47  5:11  Siege Tank  
  51  5:15  SCV  
  51  5:20  Marine, Refinery  
  53  5:24  Refinery  
  53  5:26  Refinery, SCV  
  53  5:28  SCV  
  55  5:29  Marine x2  
  55  5:30  Marine  
  55  5:32  Barracks Tech Lab  
  55  5:35  Barracks  
  58  5:38  SCV  
  58  5:40  SCV  
  59  5:57  Marine  
  59  5:58  Marine x2, Marauder  
  59  5:59  Marine  
  59  6:03  Stimpack  
  65  6:15  Marine  
  66  6:19  Marauder  
  66  6:25  Marine x2  
  68  6:32  Supply Depot  
  70  6:38  Supply Depot  
  70  6:53  Marine x4, SCV x2  
  70  6:54  Marauder  
  78  6:55  Supply Depot  
  78  7:01  Supply Depot  
  78  7:05  SCV  
  79  7:11  Marine  
  79  7:15  Marauder  
  82  7:17  Marine x3  
  85  7:25  Supply Depot  
  85  7:29  Marine  
  84  7:35  Marine x3  
  84  7:36  Marauder  
  68  7:58  Marauder  
  67  8:00  Marine x3  
  67  8:01  Marine  
  71  8:08  SCV x2  
Tags
 
League
Platinum
Matchup
TvT
Race
Terran
Add a new tag
Caveats
  • Supply blocks, unpowered buildings, or Contaminate may cause inaccurate times.
  • Supply counts are checked every 10 seconds.